 Dungeon Crawl Stone Soup version 0.24.0-37-gcf1ca852f1 (webtiles) character file.

Game seed: 4872270075661389519, levelgen mode: deterministic

4708 Brecoman the Protected (level 10, -4/92 HPs)
             Began as a Deep Dwarf Fighter on Dec 8, 2019.
             Was a Believer of Makhleb.
             Slain by an ogre
             ... wielding a +0 giant spiked club
              (19 damage)
             ... on level 11 of the Dungeon.
             The game lasted 00:29:17 (7788 turns).

Brecoman the Protected (Deep Dwarf Fighter)         Turns: 7788, Time: 00:29:18

Health: -4/92      AC: 10    Str: 22    XL:     10   Next: 22%
Magic:  5/5        EV:  8    Int: 10    God:    Makhleb [**....]
Gold:   546        SH: 11    Dex: 12    Spells: 9/9 levels left

rFire    . . .     SeeInvis .   q - +4 war axe (drain)
rCold    . . .     Gourm    .   c - +0 shield
rNeg     . . .     Faith    .   E - +1 scale mail {rPois}
rPois    +         Spirit   .   (no helmet)
rElec    .         Reflect  .   (no cloak)
rCorr    .         Harm     .   i - +0 pair of gloves
MR       ++...     Rnd*Tele +   (no boots)
Stlth    ..........             n - amulet of the acrobat
HPRegen  0.00/turn              k - ring of protection from magic
MPRegen  0.09/turn              x - ring of teleportation (curse)

@: very slightly contaminated, non-regenerating
A: damage resistance, heal wounds, sense surroundings 2, no regeneration
a: Heal Wounds, Minor Destruction, Renounce Religion


You were on level 11 of the Dungeon.
You worshipped Makhleb.
Makhleb was pleased with you.
You were not hungry.

You visited 1 branch of the dungeon, and saw 10 of its levels.

You collected 546 gold pieces.

Inventory:

Hand Weapons
 q - a +4 war axe of draining (weapon)
Missiles
 r - 214 stones (quivered)
Armour
 b - a +1 scale mail
 c - a +0 shield (worn)
 i - a +0 pair of gloves (worn)
 w - a +0 chain mail
 y - the +4 robe "Uvvafekhla" {-Tele rPois MR++ Dex-5}
   (You found it on level 6 of the Dungeon)

   It affects your dexterity (-5).
   It protects you from poison.
   It affects your resistance to hostile enchantments.
   It prevents most forms of teleportation.
 D - a +0 plate armour
 E - a +1 scale mail of poison resistance (worn)
Jewellery
 a - an uncursed amulet of faith {unknown}
 k - a ring of protection from magic (left hand)
 n - an amulet of the acrobat (around neck)
 t - an uncursed ring of stealth
 x - a cursed ring of teleportation (right hand)
 A - a +5 ring of slaying
 C - a cursed -2 ring of dexterity {unknown}
 G - a +5 ring of intelligence {unknown}
Scrolls
 j - a scroll of magic mapping
 p - a scroll of amnesia
 F - a scroll of enchant weapon
 H - a scroll of immolation
 I - a scroll of enchant armour
Potions
 d - 2 potions of might
 e - 4 potions of heal wounds
 g - 3 potions of cancellation
 h - 2 potions of ambrosia
 l - a potion of magic
 m - 3 potions of curing
 o - 3 potions of lignification
 v - 3 potions of flight
 z - a potion of haste
 B - a potion of degeneration {unknown}
Comestibles
 f - 13 rations
 J - 6 chunks of flesh


   Skills:
 + Level 6.9 Fighting
 + Level 7.9 Axes
 + Level 8.3 Armour
 + Level 8.3 Shields
 + Level 7.5 Invocations


You had 9 spell levels left.
You didn't know any spells.
Your spell library contained the following spells:

 Spells                   Type           Power        Failure   Level  Hunger
 Animate Skeleton         Necr           N/A          91%         1    ##.....
 Apportation              Tloc           #.....       91%         1    ##.....
 Confusing Touch          Hex            #.....       91%         1    ##.....
 Corona                   Hex            #......      91%         1    ##.....
 Summon Small Mammal      Summ           #...         91%         1    ##.....
 Slow                     Hex            #.......     97%         2    ###....
 Inner Flame              Hex/Fire       #.......     99%         3    ####...
 Portal Projectile        Hex/Tloc       #.....       99%         3    ####...
 Cause Fear               Hex            #.........   100%        4    #####..
 Leda's Liquefaction      Hex/Erth       #.........   100%        4    #####..


Dungeon Overview and Level Annotations

Branches:
Dungeon (9/15)             Temple (0/1) D:6            Lair (0/6) D:9
    Orc (0/2) D:11

Altars:
Ashenzari
Cheibriados
Elyvilon
Makhleb
Nemelex Xobeh
Okawaru
Ru
Trog
Uskayaw
Wu Jian
Xom
Zin

Shops:
D:6 !


Innate Abilities, Weirdness & Mutations

You are resistant to damage.
You can heal yourself by infusing magical energy.
You passively map the area around you.
You do not regenerate.


Message History

* * * LOW HITPOINT WARNING * * *
You block the two-headed ogre's attack. x2
There is a stone staircase leading down here.
A quokka comes into view.
An ogre comes into view. It is wielding a +0 giant spiked club.
The ogre shouts!
The killer bee barely misses you.
Found a war axe. 2 orcs come into view.
The orc shouts! x2
You block the killer bee's attack. The killer bee barely misses you.
The quokka barely misses you.
An orc and an orc wizard come into view.
The orc wizard shouts!
The killer bee stings you but does no damage.
The killer bee stings you!
* * * LOW HITPOINT WARNING * * *
The quokka closely misses you.
The ogre hits you with a +0 giant spiked club!!
You die...

,**,**,*,* *,* *##.... ***,**,*,*
#.* *,....$ ,,,,**,*,* #.**
#,#..$. ***,**,*,*
##..***********#.#...^
******,*,###...,,,,,,,,,,,yy.O...
*,,,,,,,,......############.#o...
,,,,,,,,,.o........y.o>....o.....
*,***,,,,%ooo..O.yoO....o.#.##.$.
*,* *,**,*#....#@r.oZ...#.#.o..y.
*,***,**,*#..,<#.y......#.####...
,,,,*,**,*#,,,,#........+..,..$..
***,*,**,******#........#.#######
,,,,*,**,*,,,,..........#.#
***,,,**,*,,,......######.#
**,,**,*,,,......# *,*
*,,**,*,,......)#*****,*
****,,**,*******,,,,,,,,,,*


You could see a two-headed ogre, an orc warrior, an ogre, 3 killer bees, an orc
wizard, 5 orcs, a howler monkey zombie and a quokka.

Vanquished Creatures
  A two-headed ogre (D:8)
  Pikel (D:8)
  Maurice (D:8)
  A troll (D:9)
  A spriggan (D:7)
  Sigmund (D:2)
  4 orc warriors (D:8)
  A sky beast (D:7)
  2 black bears (D:7)
  A slave (D:8)
  An ice beast (D:5)
  A phantom (D:7)
  2 necrophages
  4 ogres
  A centaur (D:3)
  3 bullfrogs
  A scorpion (D:5)
  7 howler monkeys
  A centaur zombie (D:7)
  2 crimson imps
  A bullfrog zombie (D:8)
  A bullfrog skeleton (D:6)
  3 hounds
  Crazy Yiuf (D:2)
  A centaur skeleton (D:6)
  An orc priest (D:8)
  2 orc wizards
  Jessica (D:2)
  A gnoll shaman (D:5)
  2 iguanas (D:7)
  5 worker ants
  4 gnolls (D:5)
  10 adders
  A shadow imp (D:7)
  2 worms
  4 leopard geckos
  31 orcs
  8 giant cockroaches
  5 goblins
  6 hobgoblins
  6 jackals
  7 quokkas
  2 ball pythons (D:3)
  6 bats
  7 frilled lizards
  3 kobolds
  A leopard gecko skeleton (D:4)
  A leopard gecko zombie (D:6)
  6 rats
166 creatures vanquished.

Vanquished Creatures (others)
  A slave (D:8)
  A quokka (D:7)
2 creatures vanquished.

Grand Total: 168 creatures vanquished

Notes
Turn   | Place    | Note
-------+----------+-------------------------------------------
     0 | D:1      | Brecoman the Deep Dwarf Fighter began the quest for the
                  | Orb.
     0 | D:1      | Reached XP level 1. HP: 20/20 MP: 1/1
    62 | D:1      | Reached XP level 2. HP: 27/27 MP: 2/2
   601 | D:2      | Reached XP level 3. HP: 31/34 MP: 3/3
   634 | D:2      | Noticed Sigmund
  1117 | D:2      | Killed Sigmund
  1117 | D:2      | Reached XP level 4. HP: 37/43 MP: 4/4
  1117 | D:2      | Reached XP level 5. HP: 42/49 MP: 5/5
  1150 | D:2      | Noticed Jessica
  1160 | D:2      | Killed Jessica
  1321 | D:2      | Found a runed translucent door.
  1322 | D:2      | Noticed Crazy Yiuf
  1604 | D:2      | Killed Crazy Yiuf
  1692 | D:3      | Found a bloodstained altar of Trog.
  1704 | D:3      | Noticed a centaur
  1715 | D:3      | Reached XP level 6. HP: 31/57 MP: 6/6
  1724 | D:3      | Found a shattered altar of Ashenzari.
  2013 | D:3      | Reached skill level 5 in Armour
  2013 | D:3      | Reached skill level 5 in Shields
  2462 | D:4      | Found an ornate altar of the Wu Jian Council.
  2462 | D:4      | Found a burning altar of Makhleb.
  2462 | D:4      | Found a hide-covered altar of Uskayaw.
  2475 | D:4      | Became a worshipper of Makhleb the Destroyer
  2629 | D:4      | Reached XP level 7. HP: 34/64 MP: 7/7
  2821 | D:4      | Found a sacrificial altar of Ru.
  3016 | D:4      | Reached skill level 1 in Invocations
  3111 | D:5      | Entered Level 5 of the Dungeon
  3362 | D:5      | Reached skill level 5 in Axes
  4078 | D:6      | Got a sheer robe
  4079 | D:6      | Identified the +4 robe "Uvvafekhla" {-Tele rPois MR++
                  | Dex-5} (You found it on level 6 of the Dungeon)
  4147 | D:6      | Reached XP level 8. HP: 59/73 MP: 9/9
  4223 | D:6      | Found Qokkoh's Distillery.
  4254 | D:6      | Found a staircase to the Ecumenical Temple.
  4279 | D:6      | Reached skill level 5 in Fighting
  4313 | D:6      | Reached * piety under Makhleb
  4637 | D:7      | Found a snail-covered altar of Cheibriados.
  4717 | D:7      | Found a glowing silver altar of Zin.
  4726 | D:7      | Found an iron altar of Okawaru.
  4740 | D:7      | Found a shimmering altar of Xom.
  5009 | D:7      | Reached skill level 5 in Invocations
  5029 | D:7      | Found a white marble altar of Elyvilon.
  5386 | D:7      | Gained mutation: You passively map the area around you.
                  | [Deep Dwarf growth]
  5386 | D:7      | Reached XP level 9. HP: 43/82 MP: 10/10
  5569 | D:8      | Noticed Maurice
  5764 | D:8      | Noticed a two-headed ogre
  5794 | D:8      | Noticed Pikel
  6421 | D:8      | Killed a two-headed ogre
  6493 | D:8      | Killed Pikel
  6582 | D:8      | Reached XP level 10. HP: 65/92 MP: 5/5
  6602 | D:8      | Reached ** piety under Makhleb
  6865 | D:8      | Found a sparkling altar of Nemelex Xobeh.
  7375 | D:8      | Found a sparkling altar of Nemelex Xobeh.
  7473 | D:8      | Killed Maurice
  7697 | D:9      | Found a staircase to the Lair.
  7759 | D:9      | You fall into a shaft and drop 2 floors!
  7777 | D:11     | Found a staircase to the Orcish Mines.
  7777 | D:11     | Noticed an orc knight
  7777 | D:11     | Noticed an orc knight
  7778 | D:11     | Noticed a two-headed ogre
  7788 | D:11     | Slain by an ogre

Levels and vault maps discovered:
D:1:      dpeg_arrival_tiny_g, layout_basic, corexii_item_surrounded_by_moat
D:2:      layout_loops_corners, uniq_sigmund, uniq_jessica,
          uniq_crazy_yiuf_cottage
D:3:      layout_loops_cross, ashenzari_conservatory_becter,
          nicolae_overflow_crystal_walls, minmay_cupped
D:4:      layout_basic, kennysheep_mini,
          chequers_temple_overflow_statue_of_worship
D:5:      layout_basic, first_ration, minmay_misc_feat_four_crosses
D:6:      layout_rooms, minmay_temple_entry_statues_fountains, serial_shops,
          shop, kennysheep_another_room
D:7:      layout_loops_corners, overflow_temple_1_default, elyvilon_altar_4,
          hangedman_feature_mirror, the_bakery, okawaru_trees_2
D:8:      layout_gridville, nemelex_xobeh_ov_fountains_minmay, special_room
          [special_room_orc], uniq_maurice, uniq_pikel
D:9:      minmay_quarter_circles, layout_long_grid, david_lair_shrubbed,
          minmay_between
D:11:     layout_basic, orc_david_3

Skill      XL: |  1  2  3  4  5  6  7  8  9 |
---------------+----------------------------+-----
Fighting       | 3 4 5 6 |  6.9
Axes           | 3 4 5 6 7 |  7.9
Armour         | 4 5 6 8 |  8.3
Shields        | 4 5 6 8 |  8.3
Invocations    | 3 5 7 |  7.5

Action                   |  1- 3 |  4- 6 |  7- 9 | 10-12 || total
-------------------------+-------+-------+-------+-------++-------
Melee: War axe           |   118 |   136 |   477 |    57 ||   788
Throw: Stone             |       |       |     7 |    11 ||    18
 Abil: Heal Wounds       |       |     4 |    27 |     3 ||    34
  Use: Scroll            |       |    11 |    10 |     5 ||    26
  Eat: Chunk             |     1 |     5 |    10 |     1 ||    17
       Ration            |       |       |     1 |     1 ||     2
Armor: Scale mail        |    47 |    59 |   138 |    34 ||   278
       Chain mail        |       |       |    76 |       ||    76
       Plate armour      |       |       |     4 |       ||     4
Dodge: Dodged            |    45 |    38 |   140 |    30 ||   253
Block: Shield            |    64 |    75 |   291 |    48 ||   478
